 Dungeon Crawl Stone Soup version 0.28.0-53-g5a82cb258f (webtiles) character file.

Game seed: 221699824778674184

654 buhh the Skirmisher (level 7, -6/52 HPs)
             Began as an Octopode Transmuter on June 20, 2022.
             Mangled by Grinder (8 damage)
             ... on level 5 of the Dungeon.
             The game lasted 00:12:33 (6616 turns).

buhh the Skirmisher (Octopode Transmuter)           Turns: 6616, Time: 00:12:33

Health: -6/52      AC:  1    Str:  9    XL:     7   Next: 54%
Magic:  9/10       EV: 13    Int: 18    God:
Gold:   865        SH:  0    Dex: 15    Spells: 0/10 levels left

rFire   . . .      SeeInvis .     - Unarmed
rCold   + . .      Faith    .   (no shield)
rNeg    . . .      Spirit   .   (helmet restricted)
rPois   .          Reflect  .   (no amulet)
rElec   .          Harm     .   a - ring "Qagikhlemo" {rC+ Dex+3}
rCorr   .          Rampage  .   (no ring)
Will    .....                   (no ring)
Stlth   +++.......              (no ring)
HPRegen 0.17/turn               (no ring)
MPRegen 0.12/turn               (no ring)
                                (no ring)
                                (no ring)

@: no status effects
A: almost no armour, amphibious, 8 rings, camouflage 1, gelatinous body 1,
(nimble swimmer 1), tentacles
a: no special abilities


You were on level 5 of the Dungeon.
You visited 1 branch of the dungeon, and saw 5 of its levels.

You collected 1165 gold pieces.
You spent 300 gold pieces at shops.

Inventory:

Jewellery
 a - the ring "Qagikhlemo" (left tentacle) {rC+ Dex+3}
   (You found it on level 3 of the Dungeon)

   [ring of protection from cold]

   Dex:       It affects your dexterity (+3).
   rC:        It protects you from cold.
Wands
 f - a wand of flame (7)
Scrolls
 d - 2 scrolls of noise
 g - a scroll of identify {!d}
 P - a scroll of magic mapping {!r!d}
 T - 2 scrolls of immolation {!d}
 X - a scroll of amnesia
Potions
 k - 2 potions of flight


   Skills:
 - Level 6.0 Fighting
 - Level 2.0 Dodging
 - Level 1.0 Stealth
 - Level 3.0 Unarmed Combat
 - Level 2.0 Spellcasting
 * Level 5.5 Transmutations


You couldn't memorise any spells.
You knew the following spells:

 Your Spells              Type           Power      Damage    Failure   Level
a - Beastly Appendage     Tmut           42%        N/A       1%          1
b - Wereblood             Tmut           21%        N/A       2%          2
c - Spider Form           Tmut/Pois      11%        N/A       17%         3
d - Ice Form              Ice/Tmut       11%        N/A       50%         4

Your spell library contained the following spells:

 Spells                   Type           Power      Damage    Failure   Level
 Blink                    Tloc           2%         N/A       26%         2
 Lesser Beckoning         Tloc           1%         N/A       47%         3
 Manifold Assault         Tloc           1%         N/A       99%         5


Dungeon Overview and Level Annotations

Branches:
Dungeon (5/15)             Temple (0/1) D:5

Altars:
Ashenzari

Shops:
D:1 ?   D:4 *

Portals:
Abyss: D:3

Annotations:
D:3 2 transporters, 1 runed translucent door, exclusion: door, Crazy Yiuf; Kranky's ghost, amateur OpFi
D:4 exclusion: phantom, Sigmund
D:5 Grinder


Innate Abilities, Weirdness & Mutations

You cannot wear most types of armour.
You are amphibious.
You can wear up to eight rings at the same time.
Your skin changes colour to match your surroundings (Stealth+).
Your rubbery body absorbs attacks. (AC +1, EV +1)
((You are camouflaged when in or above water. (Stealth+)))
You have tentacles for arms and can constrict up to eight enemies at once.


Message History

Your transformation is almost over.
Grinder hits you.
* * * LOW HITPOINT WARNING * * *
You writhe in agony.
* * * LOW HITPOINT WARNING * * *
The ogre closely misses you.
You hit the ogre.
You kill the ogre!
Grinder blinks!
Okay, then.
It was a potion of curing.
You feel better. Grinder gestures at you. Pain shoots through your body!
* * * LOW HITPOINT WARNING * * *
As you read the scroll labelled XOHATI PADA, it crumbles to dust.
It is a scroll of enchant weapon.
You aren't carrying any weapons that can be enchanted.
As you read the scroll of fog, it crumbles to dust.
The scroll dissolves into smoke.
Grinder looks more healthy.
You barely miss Grinder.
Grinder is heavily wounded.
Grinder hits you.
* * * LOW HITPOINT WARNING * * *
You writhe in agony.
* * * LOW HITPOINT WARNING * * *
You hit Grinder but do no damage.
Grinder is heavily wounded.
Your transformation has ended.
Grinder closely misses you.
You tentacle-slap Grinder. You grab Grinder.
Your tentacle-slap misses Grinder.
You squeeze Grinder.
Grinder is heavily wounded.
You constrict Grinder. Grinder closely misses you.
You tentacle-slap Grinder.
Grinder is severely wounded.
You constrict Grinder. Grinder misses you.
You tentacle-slap Grinder.
Your tentacle-slap misses Grinder.
Grinder is severely wounded.
You constrict Grinder. Grinder hits you!
You die...

#### #..## .≈≈≈≈≈.
#....##..# ......(
......#..# ......
.........## #....
.......)..# #....
..........## ##....
...........## #.....
#..?..§.§...# ###.....
#.....§§§@..#
####.......
#......§§5§.#
#........##
##....§§§§§§# #.......##
..§..§§§§§## #........#
#...§.§§§§.# .........##
#....§.§§§.# ..........#
##..........#..........#
#..........#..........#
##.....#..............#


You could see Grinder.

Vanquished Creatures
  3 ogres (D:5)
  A centaur zombie (D:4)
  2 jellies (D:4)
  A hound (D:5)
  A bullfrog skeleton (D:4)
  A centaur skeleton (D:4)
  An orc priest (D:4)
  An orc wizard (D:3)
  Robin (D:3)
  A howler monkey skeleton (D:4)
  4 adders
  3 worms
  A dart slug (D:1)
  12 orcs
  7 bats
  4 endoplasms
  6 giant cockroaches
  15 goblins
  6 hobgoblins
  A quokka (D:1)
  2 ball pythons
  3 frilled lizards
  5 kobolds
  4 rats
86 creatures vanquished.

Vanquished Creatures (collateral kills)
  An adder (D:2)
  2 goblins (D:2)
3 creatures vanquished.

Grand Total: 89 creatures vanquished

Notes
Turn   | Place    | Note
-------+----------+-------------------------------------------
     0 | D:1      | buhh the Octopode Transmuter began the quest for the Orb.
     0 | D:1      | Reached XP level 1. HP: 13/13 MP: 3/3
   243 | D:1      | Reached XP level 2. HP: 17/19 MP: 3/5
   326 | D:1      | Reached skill level 2 in Fighting
   626 | D:1      | Found a faded altar of an unknown god.
   795 | D:1      | Found Cymi's Magic Scroll Boutique.
   797 | D:1      | Bought a scroll of identify for 20 gold pieces
   797 | D:1      | Bought a scroll of identify for 20 gold pieces
   797 | D:1      | Identified a scroll of acquirement
   798 | D:1      | Acquired 983 gold pieces
   800 | D:1      | Bought a scroll of amnesia for 35 gold pieces
   800 | D:1      | Bought a scroll of fog for 20 gold pieces
   800 | D:1      | Bought a scroll of identify for 20 gold pieces
   800 | D:1      | Bought a scroll of identify for 20 gold pieces
   800 | D:1      | Bought a scroll of magic mapping for 35 gold pieces
   800 | D:1      | Bought a scroll of fear for 35 gold pieces
   800 | D:1      | Bought a scroll of summoning for 95 gold pieces
  1147 | D:2      | Reached skill level 3 in Fighting
  1147 | D:2      | Reached XP level 3. HP: 24/26 MP: 4/6
  1406 | D:2      | Reached XP level 4. HP: 24/32 MP: 5/7
  1667 | D:2      | Found a broken altar of Ashenzari.
  1937 | D:3      | Noticed Robin
  2041 | D:3      | Learned a level 2 spell: Wereblood
  2045 | D:3      | Learned a level 3 spell: Spider Form
  2081 | D:2      | Reached skill level 4 in Fighting
  2409 | D:3      | Killed Robin
  2737 | D:3      | Found a transporter.
  2788 | D:3      | Identified the ring "Qagikhlemo" {rC+ Dex+3}
  2871 | D:3      | Reached XP level 5. HP: 38/38 MP: 6/8
  2874 | D:3      | Noticed Kranky's ghost (amateur OpFi)
  2931 | D:3      | Found a transporter.
  2934 | D:3      | Found a one-way gate to the infinite horrors of the Abyss.
  2977 | D:3      | Noticed a kobold brigand
  3219 | D:3      | Found a runed translucent door.
  3220 | D:3      | Noticed Crazy Yiuf
  3291 | D:4      | Found Gar Cohi's Assorted Antiques.
  3353 | D:4      | Reached skill level 5 in Fighting
  3607 | D:4      | Noticed a phantom
  4543 | D:3      | Noticed a small abomination
  4753 | D:3      | Reached XP level 6. HP: 32/46 MP: 9/9
  5243 | D:4      | Noticed Sigmund
  5254 | D:4      | Noticed Sigmund
  5254 | D:4      | Sigmund changed into Sigmund the ogre
  5342 | D:5      | Entered Level 5 of the Dungeon
  5393 | D:5      | Reached skill level 6 in Fighting
  5607 | D:5      | Noticed Grinder
  5868 | D:4      | Reached XP level 7. HP: 23/52 MP: 6/10
  6040 | D:4      | Learned a level 4 spell: Ice Form
  6485 | D:5      | Found a staircase to the Ecumenical Temple.
  6603 | D:5      | HP: 2/52 [Grinder (3)]
  6612 | D:5      | HP: 1/52 [Grinder (2)]
  6616 | D:5      | Mangled by Grinder

Illustrated notes

Levels and vault maps discovered:
D:1:      minmay_arrival_plants_in_alcoves, layout_basic,
          hellmonk_ecumenical_altar_inner_sanctum, serial_shops,
          nicolae_shop_hallway_stairs
D:2:      minmay_chambers_of_ones, layout_basic, basic_altar, uniq_natasha
D:3:      layout_rooms, gammafunk_ghost_abyssal_escape, uniq_crazy_yiuf_cottage,
          uniq_robin
D:4:      layout_rooms, serial_shops, nicolae_shop_crystal, chequers_arboretum,
          uniq_pikel, uniq_sigmund
D:5:      layout_cave_pods, temple_pool_b, uniq_grinder

Skill      XL: |  1  2  3  4  5  6  7 |
---------------+----------------------+-----
Stealth        | 1 |  1.0
Fighting       | 3 4 5 6 |  6.0
Transmutations | 4 5 |  5.5
Dodging        | |  2.0
Unarmed Combat | |  3.0
Spellcasting   | |  2.0

Action                   |  1- 3 |  4- 6 |  7- 9 || total
-------------------------+-------+-------+-------++-------
Melee: Unarmed           |    58 |   141 |    39 ||   238
       Constrict         |    20 |    36 |     3 ||    59
       Kick              |    15 |    59 |       ||    74
       Tentacles         |     7 |    34 |     3 ||    44
       Punch             |     2 |     2 |     1 ||     5
 Cast: Beastly Appendage |    19 |    37 |       ||    56
       Wereblood         |       |     1 |       ||     1
       Spider Form       |       |     3 |     4 ||     7
Evoke: Wand              |       |     4 |     4 ||     8
  Use: Scroll            |     2 |     8 |     3 ||    13
       Potion            |       |       |     3 ||     3
 Stab: Sleeping          |     4 |     2 |       ||     6
Armor: Skin              |     3 |     8 |     2 ||    13
Dodge: Dodged            |    39 |   108 |    26 ||   173
